 Dungeon Crawl Stone Soup version 0.29-a0-11-ga75d3d97ab (webtiles) character file.

Game seed: 15446959816654112198

42 issech the Cudgeller (level 3, -2/36 HPs)
             Began as a Troll Monk on Jan 29, 2022.
             Succumbed to an adder's poison
             ... on level 2 of the Dungeon.
             The game lasted 00:04:01 (1023 turns).

issech the Cudgeller (Troll Monk)                   Turns: 1023, Time: 00:04:01

Health: -2/36      AC:  4    Str: 19    XL:     3   Next: 35%
Magic:  2/2        EV: 10    Int:  6    God:
Gold:   42         SH:  0    Dex: 14    Spells: 2/2 levels left

rFire   . . .      SeeInvis .   f - +2 whip (venom)
rCold   . . .      Faith    .   (no shield)
rNeg    . . .      Spirit   .   b - +0 robe
rPois   .          Reflect  .   (helmet restricted)
rElec   .          Harm     .   (no cloak)
rCorr   .          Rampage  .   (gloves unavailable)
Will    .....                   (boots unavailable)
Stlth   ++........              (no amulet)
HPRegen 0.92/turn               (no ring)
MPRegen 0.08/turn               (no ring)

@: lethally poisoned (-2 -> -6)
A: large, unfitting armour, claws 3, regeneration 1, shaggy fur 1, tough skin 1
a: no special abilities


You were on level 2 of the Dungeon.
You visited 1 branch of the dungeon, and saw 2 of its levels.

You collected 42 gold pieces.

Inventory:

Hand Weapons
 a - a +0 mace
 f - a +2 whip of venom (weapon)
Missiles
 d - 19 stones (quivered)
 j - 4 poisoned darts
 l - 21 arrows
Armour
 b - a +0 robe (worn)
Scrolls
 c - a scroll of teleportation {unknown}
 e - 2 scrolls of identify {unknown}
 g - 2 scrolls of silence {unknown}
 i - 3 scrolls of amnesia {unknown}
Potions
 h - a potion of lignification {unknown}
 k - a potion of resistance {unknown}


   Skills:
 + Level 2.8 Fighting
 + Level 3.3 Maces & Flails
 + Level 2.7 Dodging
 + Level 1.1 Stealth


You had 2 spell levels left.
You didn't know any spells.
Your spell library contained the following spells:

 Spells                   Type           Power      Damage    Failure   Level
 Foxfire                  Conj/Fire      0%         2x1d4     45%         1


Dungeon Overview and Level Annotations

Branches:
Dungeon (2/15)

Altars:


Innate Abilities, Weirdness & Mutations

You are too large for most types of armour.
You have claws for hands.
Your natural rate of healing is unusually fast.
You are covered in fur. (AC +1)
You have tough skin. (AC +1)


Message History

You are poisoned.
The adder poisons you!
The adder bites you but does no damage. x2
You closely miss the adder.
You feel sick. The adder bites you. x3
You are more poisoned.
The adder poisons you!
You hit the adder but do no damage.
The adder is poisoned.
You feel very sick. The adder bites you.
You are more poisoned.
The adder poisons you! The adder closely misses you.
You closely miss the adder.
You feel very sick. The adder barely misses you. The adder closely misses you.
You feel sick. The adder bites you but does no damage.
The adder closely misses you.
You feel very sick. The adder bites you.
You are more poisoned.
The adder poisons you!
You feel very sick.
You feel very sick.
You feel a bit more experienced.
You hit the adder but do no damage.
The adder is lightly wounded.
You feel sick. The adder bites you.
* * * LOW HITPOINT WARNING * * *
You are lethally poisoned!
The adder poisons you!
A frilled lizard comes into view.
* * * LOW HITPOINT WARNING * * *
You feel very sick. The adder bites you.
* * * LOW HITPOINT WARNING * * *
You are more poisoned.
The adder poisons you!
* * * LOW HITPOINT WARNING * * *
You feel very sick.
* * * LOW HITPOINT WARNING * * *
You feel sick.
You die...

### ..# # #..
#l#.# #.#.#### +#
#......###....
##...........
#.####..##.##..<..
#...@.S.##.#......
####.....†.'......
##...##.#......
##.###.##.....
#######...##?...
#.........# #...
#.#####...# #+#
#.# ##### #.# #.#


You could see an adder.

Vanquished Creatures
  An adder (D:2)
  A dart slug (D:1)
  3 bats (D:1)
  2 endoplasms (D:1)
  A giant cockroach (D:1)
  5 goblins (D:1)
  3 hobgoblins
  2 jackals (D:1)
  2 quokkas
  2 ball pythons (D:1)
  A frilled lizard (D:1)
  5 kobolds (D:1)
  2 rats
30 creatures vanquished.

Vanquished Creatures (others)
  2 fungi (D:1)
  A plant (D:1)
3 creatures vanquished.

Grand Total: 33 creatures vanquished

Notes
Turn   | Place    | Note
-------+----------+-------------------------------------------
     0 | D:1      | issech the Troll Monk began the quest for the Orb.
     0 | D:1      | Reached XP level 1. HP: 22/22 MP: 0/0
    83 | D:1      | Reached XP level 2. HP: 29/29 MP: 1/1
   272 | D:1      | Reached skill level 3 in Maces & Flails
   571 | D:1      | Found a faded altar of an unknown god.
   606 | D:1      | Got Plato's Volume of Fire and Battle Magic
   777 | D:1      | Reached XP level 3. HP: 34/36 MP: 2/2
  1022 | D:2      | HP: 1/36 [poisoned by an adder]
  1023 | D:2      | Succumbed to an adder's poison

Illustrated notes

Levels and vault maps discovered:
D:1:      psy_arrival_statuary, layout_basic,
          shapermc_ecumenical_altar_rom_forum, minmay_split_cup_large
D:2:      wander_river, layout_loops_corners

Skill      XL: |  1  2 |
---------------+-------+-----
Maces & Flails | 3 |  3.3
Fighting       | |  2.8
Dodging        | |  2.7
Stealth        | |  1.1

Action                   || total
-------------------------++-------
Melee: Mace              ||    28
       Whip              ||    53
       Punch             ||     2
 Stab: Sleeping          ||     1
Armor: Robe              ||    30
Dodge: Dodged            ||    39

Table legend: (Time is in decaauts)
 A = Elapsed time spent in this place.
 B = Non-inter-level travel time spent in this place.
 C = Inter-level travel time spent in this place.
 D = Time resting spent in this place.
 E = Time spent auto-exploring this place.
 F = Levels seen in this place.
 G = Mean time per level.
                   A        B        C        D        E       F      G
               +--------+--------+--------+--------+--------+-----+--------+
         Total |   1026 |   1026 |      0 |      0 |    366 |   2 |  513.0 |
       Dungeon |   1026 |   1026 |      0 |      0 |    366 |   2 |  513.0 |
               +--------+--------+--------+--------+--------+-----+--------+

Top non-repeatable levels by time:
     D:1: 970 daAuts
     D:2: 56 daAuts
